 Dungeon Crawl Stone Soup version 0.30-a0-377-g5cb311bc9f (webtiles) character file.

Game seed: 17419092375030502460

555 bande the Chopper (level 7, -6/44 HPs)
             Began as a Gargoyle Fighter on Nov 27, 2022.
             Was an Initiate of Okawaru.
             Killed from afar by Dowan (14 damage)
             ... with a shard of ice
             ... on level 5 of the Dungeon.
             The game lasted 00:06:14 (3913 turns).

bande the Chopper (Gargoyle Fighter)                Turns: 3913, Time: 00:06:15

Health: -6/44      AC: 12    Str: 20    XL:     7   Next: 30%
Magic:  7/8        EV:  9    Int:  8    God:    Okawaru [......]
Gold:   194        SH:  5    Dex: 11    Spells: 6/6 levels left

rFire   . . .      SeeInvis .    a - +1 war axe
rCold   . . .      Faith    .    c - +1 buckler
rNeg    + . .      Spirit   .    b - +0 scale mail
rPois   ∞          Reflect  .    (no helmet)
rElec   +          Harm     .    (no cloak)
rCorr   .          Rampage  .    (no gloves)
Will    .....                    (no boots)
Stlth   ..........               (no amulet)
HPRegen 0.27/turn                (no ring)
MPRegen 0.11/turn                (no ring)

@: lit by a corona, glowing
A: sickness immunity, AC +4, negative energy resistance 1, electricity
resistance, torment resistance 1, petrification resistance
a: Renounce Religion


You were on level 5 of the Dungeon.
You worshipped Okawaru.
Okawaru was noncommittal.
You visited 2 branches of the dungeon, and saw 6 of its levels.

You collected 194 gold pieces.

Inventory:

Hand Weapons
 a - a +1 war axe (weapon)
 v - a +0 flail
Armour
 b - a +0 scale mail (worn)
 c - a +1 buckler (worn)
Scrolls
 e - a scroll of butterflies
 f - 2 scrolls of enchant weapon
 g - 3 scrolls of enchant armour
 h - a scroll of poison
 j - a scroll of magic mapping
 m - 4 scrolls of teleportation
 n - a scroll of identify
 p - a scroll of blinking
Potions
 d - a potion of might
 i - 2 potions of haste {unknown}
 k - a potion of resistance {unknown}
 l - 2 potions of curing
 o - a potion of magic {unknown}
 q - a potion of heal wounds {unknown}
 s - a potion of flight {unknown}
 t - 4 potions of berserk rage {unknown}
 u - a potion of lignification {unknown}


   Skills:
 + Level 4.5 Fighting
 + Level 5.1 Axes
 + Level 4.9 Armour
 + Level 4.3 Shields
 * Level 1.4 Invocations


You had 6 spell levels left.
You didn't know any spells.
Your spell library contained the following spells:

 Spells                   Type           Power      Damage    Failure   Level
 Foxfire                  Conj/Fire      0%         2x1d4     83%         1
 Ensorcelled Hibernation  Hex/Ice        0%         N/A       93%         2
 Poisonous Vapours        Pois/Air       0%         N/A       93%         2
 Mephitic Cloud           Conj/Pois/Air  0%         N/A       99%         3
 Portal Projectile        Hex/Tloc       0%         N/A       99%         3
 Leda's Liquefaction      Hex/Erth       0%         N/A       100%        4
 Blade Hands              Tmut           0%         N/A       100%        5
 Fireball                 Conj/Fire      0%         3d3       100%        5
 Irradiate                Conj/Tmut      0%         3d11      100%        5
 Starburst                Conj/Fire      0%         6d3       100%        6
 Dragon Form              Tmut           0%         N/A       100%        7
 Cigotuvi's Dreadful Rot  Necr/Pois/Air  Unusable   N/A       N/A         2
 Tukima's Dance           Hex            Unusable   N/A       N/A         3
 Summon Ice Beast         Ice/Summ       Unusable   N/A       N/A         4

Dungeon Overview and Level Annotations

Branches:
Dungeon (5/15)             Temple (1/1) D:4

Altars:
Ashenzari
Cheibriados
Dithmenos
Elyvilon
Fedhas
Gozag
Hepliaklqana
Kikubaaqudgha
Makhleb
Nemelex Xobeh
Okawaru
Qazlal
Ru
Sif Muna
Trog
Uskayaw
Vehumet
Wu Jian
Xom
Yredelemnul
Zin
The Shining One

Annotations:
D:5 1 runed translucent door, Dowan; Valiant's ghost, novice DrCj


Innate Abilities, Weirdness & Mutations

You are immune to sickness and miasma.
Your stone body is resilient. (AC +4)
You are immune to poison.
You resist negative energy. (rN+)
You are resistant to electric shocks. (rElec)
You are resistant to unholy torment.
You are immune to petrification.


Message History

You hit Duvessa.
Duvessa is almost dead.
Duvessa hits you with a +0 short sword.
Unknown command.
You barely miss Duvessa.
Duvessa is almost dead.
Duvessa hits you with a +0 short sword.
You hit Duvessa.
Duvessa is almost dead.
Duvessa hits you but does no damage.
Dowan gestures wildly while chanting.
Dowan blinks!
Duvessa hits you with a +0 short sword!
You hit Duvessa but do no damage.
Duvessa is almost dead.
You block Duvessa's attack.
You hit Duvessa but do no damage.
Duvessa is almost dead.
You barely miss Dowan. Duvessa hits you with a +0 short sword.
Dowan hits you but does no damage.
Unknown command.
You completely miss Duvessa.
Duvessa is almost dead.
You hit Dowan. Duvessa closely misses you. Dowan barely misses you.
Duvessa barely misses you.
Dowan hits you with a +5 dagger of venom.
You slash Duvessa!
You kill Duvessa!
Okawaru is honoured by your kill.
Dowan's eyes darken. "You have made a black mistake."
Dowan seems to find hidden reserves of power!
You hit Dowan. You block Dowan's attack.
Dowan hits you with a +5 dagger of venom!
* * * LOW HITPOINT WARNING * * *
Your Axes skill increases to level 5!
Your Invocations skill increases to level 1!
You slash Dowan!
Dowan is almost dead.
Dowan casts a spell at you. The shard of ice hits you!
You die...

....................'...#
....................#...#
......†.............#####
......#####'#...........#
..... #.....#...........#
.... #.....+............
... #.....#............
.. #..e..#............ .
#)@...#............
#.....#............
#######............
####+#####


You could see Dowan (fast).

Vanquished Creatures
  Duvessa (D:5)
  A phantom (D:4)
  A necrophage (D:3)
  A howler monkey (D:5)
  A crimson imp (D:4)
  A hound (D:5)
  An iguana (D:4)
  An orc wizard (D:5)
  Robin (D:4)
  2 adders
  2 white imps
  A worm (D:2)
  2 dart slugs
  10 orcs
  6 bats
  9 endoplasms
  3 giant cockroaches
  20 goblins
  10 hobgoblins
  8 jackals
  5 quokkas
  7 ball pythons
  5 kobolds
  7 rats
106 creatures vanquished.

Notes
Turn   | Place    | Note
-------+----------+-------------------------------------------
     0 | D:1      | bande the Gargoyle Fighter began the quest for the Orb.
     0 | D:1      | Reached XP level 1. HP: 14/14 MP: 1/1
    50 | D:1      | Reached XP level 2. HP: 19/19 MP: 2/2
   269 | D:1      | Reached skill level 2 in Axes
   378 | D:1      | Reached XP level 3. HP: 15/23 MP: 3/3
   764 | D:2      | Got the Octavo of the Hindering Glacier
   959 | D:2      | Identified the +0 robe "Byfiq" {-Cast rF+++ rCorr SInv}
   965 | D:2      | Reached XP level 4. HP: 29/29 MP: 4/4
   974 | D:2      | You fall into a shaft and drop 1 floor!
  1004 | D:3      | Found a broken altar of Ashenzari.
  1462 | D:2      | Found a burning altar of Makhleb.
  1690 | D:3      | Noticed a necrophage
  1702 | D:3      | Killed a necrophage
  1703 | D:3      | Reached skill level 3 in Axes
  1703 | D:3      | Reached XP level 5. HP: 29/33 MP: 5/5
  2203 | D:4      | Found a staircase to the Ecumenical Temple.
  2213 | Temple   | Entered the Ecumenical Temple
  2584 | D:4      | Noticed a phantom
  2592 | D:4      | Killed a phantom
  2593 | D:4      | Reached skill level 4 in Axes
  2593 | D:4      | Reached XP level 6. HP: 29/38 MP: 6/6
  2719 | D:4      | Identified the -2 helmet "Zerebra" {rN+ rCorr Str-3 Int+5}
  2719 | D:4      | Noticed Robin
  2742 | D:4      | Killed Robin
  3519 | D:4      | Found a blossoming altar of Fedhas.
  3521 | D:4      | Found an iron altar of Okawaru.
  3526 | D:4      | Became a worshipper of Warmaster Okawaru
  3549 | D:5      | Entered Level 5 of the Dungeon
  3616 | D:5      | Found a runed translucent door.
  3741 | D:5      | Noticed Valiant's ghost (novice DrCj)
  3741 | D:5      | Noticed a yak
  3777 | D:5      | Noticed Duvessa
  3780 | D:5      | Reached XP level 7. HP: 41/44 MP: 7/7
  3780 | D:5      | Noticed Dowan
  3912 | D:5      | Killed Duvessa
  3913 | D:5      | Reached skill level 5 in Axes
  3913 | D:5      | Reached skill level 1 in Invocations
  3913 | D:5      | Killed from afar by Dowan

Illustrated notes

Levels and vault maps discovered:
D:1:      dpeg_arrival_leaves_temple_mockup, layout_basic
D:2:      layout_loops_ring, basic_altar, minmay_liquid_box
D:3:      layout_basic, ashenzari_conservatory_becter
D:4:      kennysheep_goblin_castle, layout_cave_pools,
          gammafunk_temple_overflow_statue, minmay_temple_entry_mini_moons,
          minmay_fire_ice_demons
D:5:      dreamdust_elfheim, layout_gridville, ebering_ghost_inner_flame
Temple:   compressed_dpeg_triangle_lava_temple

Skill      XL: |  1  2  3  4  5  6  7 |
---------------+----------------------+-----
Axes           | 2 3 4 5 |  5.1
Shields        | 4 |  4.3
Fighting       | 4 |  4.5
Armour         | 4 |  4.9
Invocations    | 1 |  1.4

Action                   |  1- 3 |  4- 6 |  7- 9 || total
-------------------------+-------+-------+-------++-------
Melee: War axe           |    96 |   173 |    20 ||   289
  Use: Scroll            |       |    13 |       ||    13
Armor: Scale mail        |    51 |   114 |    10 ||   175
Dodge: Dodged            |    57 |    87 |     5 ||   149
Block: Buckler           |    17 |    45 |     6 ||    68

Table legend: (Time is in decaauts)
 A = Elapsed time spent in this place.
 B = Non-inter-level travel time spent in this place.
 C = Inter-level travel time spent in this place.
 D = Time resting spent in this place.
 E = Time spent auto-exploring this place.
 F = Levels seen in this place.
 G = Mean time per level.
                   A        B        C        D        E       F      G
               +--------+--------+--------+--------+--------+-----+--------+
         Total |   4024 |   3955 |     69 |    370 |   2748 |   6 |  670.7 |
       Dungeon |   3755 |   3686 |     69 |    370 |   2513 |   5 |  751.0 |
        Temple |    268 |    268 |      0 |      0 |    235 |   1 |  268.0 |
               +--------+--------+--------+--------+--------+-----+--------+

Top non-repeatable levels by time:
     D:4: 1255 daAuts
     D:3: 892 daAuts
     D:2: 692 daAuts
     D:1: 641 daAuts
     D:5: 274 daAuts
  Temple: 268 daAuts
